 Dungeon Crawl Stone Soup version 0.16.1-2-g95b8d4c (webtiles) character file.

20 MDvedh the Caller (level 2, -1/15 HPs)
             Began as a Gargoyle Summoner on Mar 24, 2015.
             Slain by a giant mite (4 damage)
             ... on level 1 of the Dungeon.
             The game lasted 00:01:31 (1063 turns).

MDvedh the Caller (Gargoyle Summoner)               Turns: 1063, Time: 00:01:32

Health: -1/15      AC:  4    Str: 14    XL:     2   Next: 79%
Magic:  4/4        EV: 12    Int: 15    God:
Gold:   19         SH:  0    Dex: 10    Spells: 1 memorised, 4 levels left

rFire  . . .     SeeInvis .     f - +0 mace
rCold  . . .     Clarity  .     a - +0 robe
rNeg   + . .     SustAb   .     (no shield)
rPois  ∞         Gourm    .     (no helmet)
rElec  +         Spirit   .     (no cloak)
rCorr  .         Warding  .     (no gloves)
rMut   .         Stasis   .     (no boots)
MR     .....                    (no amulet)
Stlth  ++........               (no ring)
                                k - +3 ring of strength

@: not resistant to hostile enchantments, unstealthy
A: negative energy resistance 1, electricity resistance, unbreathing,
petrification resistance, rot immunity, AC +2
a: no special abilities


You were on level 1 of the Dungeon.
You were hungry.

You visited 1 branch of the dungeon, and saw 1 of its levels.

You collected 19 gold pieces.

Inventory:

Hand weapons
 f - a +0 mace (weapon)
Armour
 a - a +0 robe (worn)
Jewellery
 k - a +3 ring of strength (left hand)
Scrolls
 e - a scroll of teleportation {unknown}
 g - 2 scrolls of enchant armour {unknown}
Potions
 d - 2 potions of curing {unknown}
 h - a potion of heal wounds {unknown}
 i - a potion of brilliance {unknown}
 l - a potion of cancellation {unknown}
Books
 b - a book of Callings

   Spells                             Type                      Level
   a - Summon Small Mammal            Summoning                    1
   b - Call Imp                       Summoning                    2
   c - Call Canine Familiar           Summoning                    3
   d - Summon Guardian Golem          Hexes/Summoning              4
   e - Summon Lightning Spire         Summoning/Air                4
   f - Summon Ice Beast               Ice/Summoning                4
Comestibles
 c - 2 bread rations
 j - a royal jelly


   Skills:
 + Level 2.1 Maces & Flails
 - Level 0.7 Armour
 - Level 1.5 Dodging
 - Level 2.1 Stealth
 - Level 2.0 Spellcasting
 - Level 3.6 Summonings


You had 4 spell levels left.
You knew the following spells:

 Your Spells              Type           Power        Failure   Level  Hunger
a - Summon Small Mammal   Summ           ##..         6%          1    #......


Dungeon Overview and Level Annotations

Branches:
Dungeon (1/15)

Altars:


Innate Abilities, Weirdness & Mutations

You are resistant to torment.
You are immune to poison.
Your stone body is very resilient (AC +2).
You resist negative energy.
You are resistant to electric shocks.
You can survive without breathing.
You are immune to petrification.
You are immune to rotting.


Message History

The giant mite is moderately wounded.
The giant mite bites you.
You hit the giant mite.
The giant mite is heavily wounded.
The giant mite bites you but does no damage.
You barely miss the giant mite.
The giant mite is heavily wounded.
The giant mite bites you. The giant mite closely misses you.
You barely miss the giant mite.
The giant mite is heavily wounded.
The giant mite closely misses you.
You barely miss the giant mite.
The giant mite is heavily wounded.
The ooze hits you. The giant mite closely misses you.
You hit the giant mite.
The giant mite is severely wounded.
The giant mite bites you.
* * * LOW HITPOINT WARNING * * *
The ooze hits you but does no damage. The giant mite bites you.
You die...

.....# ... .....#
#........
.....########........#
.....#.....##........
.....#.....##.......
............#......
......#####.#.....
......# #.#..Js#
.#..#.# ###.####@#
......###......#.#
.................#
......###.#.#.####
####..# #.#.#.....)...
#..# #.#.#########
#..###.#.###
#......#.#>#
#........#.#


You could see an ooze and a giant mite.

Vanquished Creatures
  3 giant geckos (D:1)
  2 bats (D:1)
  A giant cockroach (D:1)
  2 hobgoblins (D:1)
  2 giant newts (D:1)
  3 goblins (D:1)
  2 kobolds (D:1)
  2 rats (D:1)
17 creatures vanquished.

Notes
Turn   | Place    | Note
--------------------------------------------------------------
     0 | D:1      | MDvedh, the Gargoyle Summoner, began the quest for the Orb.
     0 | D:1      | Reached XP level 1. HP: 10/10 MP: 3/3
   351 | D:1      | Reached skill level 1 in Maces & Flails
   353 | D:1      | Reached XP level 2. HP: 15/15 MP: 4/4
  1063 | D:1      | Slain by a giant mite

Action                   || total
-------------------------++-------
Melee: Unarmed           ||    19
       Mace              ||    85
